[ AOE2 MATCH · #505253017 ]
UnrankedTeutons vs Byzantines
Player's team · WIN
Rival team · LOSS
[ REPLAY ANALYSIS · EXTRACTED FROM THE RECORDED GAME ]
Feudal
9:16
Castle
24:42
Imperial
—
| APM avg | 55.6 |
| APM peak | 101 |
| eAPM avg | 21.0 |
| Villagers / military | 53 / 41 |
Focus
⚔️ 40.7% · 🌾 59.3%
Militia ×40 · Archer ×1
Feudal
9:18
Castle
26:01
Imperial
—
| APM avg | 71.7 |
| APM peak | 99 |
| eAPM avg | 30.5 |
| Villagers / military | 95 / 49 |
Focus
⚔️ 51.7% · 🌾 48.3%
Archer ×39 · Skirmisher ×9 · Spearman ×1
Match map
Initial resources + every placement click. Lines = walls · curves = elevation contours. ◆ gold · ⬟ stone · ● berries · ✦ relic · ◌ wall gap
Your base· Open — opponent sealed themselves in
老天鵝's base· ✓ Closed at 26:01 · 60t walls · no gate
Smoothed initial terrain · ◌ = detected wall gap · hover for details
Inputs per minute
— Valas - - 老天鵝
Build order — Valas
First 150 of 207 actions detected
| 0:00 | Create | Villager (Male) |
| 0:01 | Create | Villager (Male) |
| 0:01 | Create | Villager (Male) |
| 0:01 | Create | Villager (Male) |
| 0:02 | Build | House |
| 0:03 | Build | House |
| 1:23 | Create | Villager (Male) |
| 1:48 | Create | Villager (Male) |
| 1:48 | Create | Villager (Male) |
| 1:50 | Build | Lumber Camp |
| 2:22 | Create | Villager (Male) |
| 2:22 | Create | Villager (Male) |
| 2:48 | Create | Villager (Male) |
| 3:13 | Create | Villager (Male) |
| 3:32 | Build | House |
| 3:36 | Create | Villager (Male) |
| 3:56 | Create | Villager (Male) |
| 4:21 | Create | Villager (Male) |
| 4:36 | Create | Villager (Male) |
| 4:37 | Create | Villager (Male) |
| 4:56 | Create | Villager (Male) |
| 5:00 | Create | Villager (Male) |
| 5:10 | Create | Villager (Male) |
| 5:19 | Build | Barracks |
| 6:19 | Build | House |
| 6:24 | Research | Loom |
| 6:54 | Build | Mining Camp |
| 6:59 | Research | Feudal Age |
| 6:59 | Research | Feudal Age |
| 7:10 | Create | Militia |
| 7:10 | Create | Militia |
| 7:29 | Create | Militia |
| 7:29 | Create | Militia |
| 7:51 | Create | Militia |
| 7:52 | Create | Militia |
| 8:04 | Build | House |
| 8:13 | Create | Militia |
| 8:19 | Build | Palisade Wall |
| 9:00 | Build | Mill |
| 9:02 | Create | Villager (Male) |
| 9:16 | Age | Feudal Age |
| 9:18 | Research | Man-at-Arms (upgrade) |
| 9:18 | Research | Man-at-Arms (upgrade) |
| 9:20 | Research | Double-Bit Axe |
| 9:32 | Build | Archery Range |
| 9:45 | Create | Villager (Male) |
| 10:05 | Create | Villager (Male) |
| 10:26 | Create | Villager (Male) |
| 10:31 | Create | Archer |
| 10:49 | Build | Blacksmith |
| 10:54 | Create | Villager (Male) |
| 10:58 | Build | Farm |
| 11:00 | Build | Farm |
| 11:08 | Research | Arson |
| 11:08 | Research | Arson |
| 11:17 | Build | House |
| 11:21 | Build | House |
| 11:28 | Create | Villager (Male) |
| 11:50 | Build | Farm |
| 11:51 | Build | Farm |
| 11:52 | Build | Farm |
| 11:53 | Build | Farm |
| 11:56 | Create | Villager (Male) |
| 12:00 | Create | Militia |
| 12:01 | Create | Militia |
| 12:26 | Create | Villager (Male) |
| 12:33 | Build | Farm |
| 12:34 | Build | Farm |
| 12:36 | Build | Farm |
| 12:39 | Create | Militia |
| 12:47 | Research | Scale Mail Armor |
| 12:59 | Create | Villager (Male) |
| 12:59 | Create | Villager (Male) |
| 13:06 | Build | Farm |
| 13:10 | Build | House |
| 13:10 | Build | House |
| 13:11 | Build | House |
| 13:11 | Build | House |
| 13:12 | Build | House |
| 13:12 | Build | House |
| 13:14 | Create | Villager (Male) |
| 13:34 | Create | Militia |
| 13:36 | Build | Farm |
| 13:39 | Build | Farm |
| 13:42 | Create | Villager (Male) |
| 14:06 | Create | Villager (Male) |
| 14:20 | Research | Forging |
| 14:20 | Research | Forging |
| 14:29 | Create | Villager (Male) |
| 14:34 | Create | Militia |
| 14:37 | Build | Barracks |
| 14:43 | Build | Farm |
| 14:46 | Build | Farm |
| 14:51 | Research | Horse Collar |
| 14:51 | Research | Horse Collar |
| 15:02 | Create | Villager (Male) |
| 15:06 | Create | Militia |
| 15:06 | Create | Militia |
| 15:17 | Create | Militia |
| 15:17 | Create | Villager (Male) |
| 15:34 | Create | Militia |
| 15:35 | Create | Militia |
| 15:38 | Create | Villager (Male) |
| 15:39 | Create | Villager (Male) |
| 15:43 | Build | Mining Camp |
| 16:02 | Create | Militia |
| 16:14 | Create | Villager (Male) |
| 16:25 | Create | Militia |
| 16:25 | Create | Militia |
| 16:41 | Create | Militia |
| 16:41 | Create | Militia |
| 16:49 | Create | Villager (Male) |
| 17:03 | Build | Watch Tower |
| 17:09 | Create | Villager (Male) |
| 17:12 | Create | Militia |
| 17:12 | Create | Militia |
| 17:25 | Research | Fletching |
| 17:38 | Create | Villager (Male) |
| 17:48 | Build | Farm |
| 17:51 | Build | Market |
| 17:52 | Build | House |
| 17:53 | Build | Palisade Wall |
| 17:53 | Build | Palisade Wall |
| 17:54 | Build | Palisade Wall |
| 17:59 | Create | Villager (Male) |
| 18:01 | Create | Militia |
| 18:01 | Create | Militia |
| 18:02 | Create | Militia |
| 18:16 | Create | Militia |
| 18:17 | Create | Militia |
| 18:20 | Build | Palisade Gate |
| 18:22 | Build | Palisade Wall |
| 18:24 | Create | Villager (Male) |
| 18:26 | Build | House |
| 18:30 | Build | Palisade Wall |
| 18:30 | Build | Palisade Wall |
| 18:47 | Create | Villager (Male) |
| 18:49 | Build | Farm |
| 18:49 | Build | Farm |
| 18:51 | Research | Town Watch |
| 18:52 | Research | Town Watch |
| 19:10 | Create | Villager (Male) |
| 19:38 | Research | Wheelbarrow |
| 19:53 | Build | Watch Tower |
| 19:56 | Create | Villager (Male) |
| 21:02 | Build | Farm |
| 21:16 | Build | Watch Tower |
| 21:24 | Build | Farm |
| 21:30 | Build | Watch Tower |
| 21:39 | Build | House |
Build order — 老天鵝
First 150 of 224 actions detected
| 0:01 | Create | Villager (Male) |
| 0:02 | Build | House |
| 0:13 | Create | Villager (Male) |
| 0:19 | Create | Villager (Male) |
| 0:25 | Create | Villager (Male) |
| 0:26 | Create | Villager (Male) |
| 1:24 | Create | Villager (Male) |
| 1:24 | Create | Villager (Male) |
| 1:44 | Build | House |
| 1:46 | Build | House |
| 2:00 | Create | Villager (Male) |
| 2:00 | Create | Villager (Male) |
| 2:10 | Build | Lumber Camp |
| 2:21 | Create | Villager (Male) |
| 2:21 | Create | Villager (Male) |
| 2:37 | Build | Palisade Wall |
| 2:42 | Create | Villager (Male) |
| 2:43 | Create | Villager (Male) |
| 2:55 | Create | Villager (Male) |
| 3:15 | Create | Villager (Male) |
| 3:34 | Create | Villager (Male) |
| 3:49 | Build | Palisade Wall |
| 3:52 | Create | Villager (Male) |
| 4:33 | Create | Villager (Male) |
| 4:33 | Create | Villager (Male) |
| 4:42 | Build | Palisade Wall |
| 4:46 | Create | Villager (Male) |
| 5:25 | Build | Mill |
| 5:42 | Create | Villager (Male) |
| 5:42 | Create | Villager (Male) |
| 5:42 | Create | Villager (Male) |
| 6:08 | Research | Loom |
| 7:08 | Research | Feudal Age |
| 7:08 | Research | Feudal Age |
| 7:20 | Build | House |
| 7:38 | Build | House |
| 7:39 | Build | Palisade Wall |
| 7:41 | Build | Palisade Wall |
| 7:50 | Build | Palisade Wall |
| 7:58 | Build | Palisade Wall |
| 8:17 | Create | Villager (Male) |
| 8:27 | Build | Barracks |
| 9:13 | Create | Villager (Male) |
| 9:18 | Age | Feudal Age |
| 9:26 | Build | Archery Range |
| 9:33 | Build | Palisade Wall |
| 9:34 | Build | Palisade Wall |
| 9:37 | Build | Palisade Wall |
| 9:38 | Build | Palisade Wall |
| 9:40 | Build | Palisade Wall |
| 9:45 | Build | Palisade Wall |
| 9:47 | Create | Villager (Male) |
| 9:51 | Research | Double-Bit Axe |
| 10:07 | Build | House |
| 10:09 | Build | Palisade Wall |
| 10:14 | Build | Palisade Wall |
| 10:18 | Build | Palisade Wall |
| 10:26 | Create | Skirmisher |
| 10:32 | Build | House |
| 10:40 | Create | Skirmisher |
| 10:41 | Create | Villager (Male) |
| 10:55 | Create | Skirmisher |
| 10:55 | Create | Villager (Male) |
| 10:56 | Create | Villager (Male) |
| 10:56 | Create | Villager (Male) |
| 11:04 | Create | Archer |
| 11:05 | Create | Spearman |
| 11:18 | Build | Palisade Wall |
| 11:23 | Create | Villager (Male) |
| 11:23 | Create | Villager (Male) |
| 11:33 | Create | Skirmisher |
| 11:35 | Create | Villager (Male) |
| 11:36 | Create | Villager (Male) |
| 11:47 | Create | Skirmisher |
| 11:49 | Build | Farm |
| 11:58 | Create | Skirmisher |
| 12:09 | Create | Villager (Male) |
| 12:10 | Create | Villager (Male) |
| 12:28 | Create | Villager (Male) |
| 12:50 | Create | Skirmisher |
| 12:51 | Create | Skirmisher |
| 12:51 | Create | Villager (Male) |
| 13:03 | Create | Villager (Male) |
| 13:12 | Build | Blacksmith |
| 13:19 | Create | Villager (Male) |
| 13:19 | Create | Villager (Male) |
| 13:25 | Build | Palisade Wall |
| 13:27 | Create | Villager (Male) |
| 13:29 | Build | Farm |
| 13:30 | Build | Farm |
| 13:35 | Build | Palisade Wall |
| 13:39 | Build | House |
| 14:08 | Research | Fletching |
| 14:14 | Create | Villager (Male) |
| 14:14 | Create | Villager (Male) |
| 14:23 | Build | Farm |
| 14:35 | Create | Skirmisher |
| 14:42 | Build | Farm |
| 14:42 | Build | Farm |
| 14:47 | Build | Farm |
| 14:48 | Build | Farm |
| 14:53 | Create | Villager (Male) |
| 14:53 | Create | Villager (Male) |
| 14:59 | Build | Farm |
| 15:08 | Build | Mining Camp |
| 15:37 | Create | Villager (Male) |
| 15:37 | Create | Villager (Male) |
| 15:37 | Create | Villager (Male) |
| 15:40 | Create | Villager (Male) |
| 15:42 | Build | Farm |
| 15:43 | Build | Farm |
| 15:58 | Build | House |
| 16:18 | Build | House |
| 16:30 | Create | Villager (Male) |
| 16:32 | Build | Farm |
| 16:40 | Build | House |
| 16:43 | Create | Archer |
| 16:43 | Create | Archer |
| 16:48 | Build | Archery Range |
| 16:55 | Build | Watch Tower |
| 17:03 | Create | Archer |
| 17:03 | Create | Archer |
| 17:23 | Create | Villager (Male) |
| 17:23 | Create | Villager (Male) |
| 17:27 | Build | Mining Camp |
| 17:44 | Create | Villager (Male) |
| 17:44 | Create | Villager (Male) |
| 17:45 | Create | Villager (Male) |
| 17:47 | Create | Villager (Male) |
| 18:04 | Create | Villager (Male) |
| 18:11 | Create | Villager (Male) |
| 18:11 | Create | Villager (Male) |
| 18:11 | Create | Villager (Male) |
| 18:23 | Create | Archer |
| 18:23 | Create | Archer |
| 18:35 | Build | Farm |
| 18:48 | Create | Archer |
| 18:48 | Create | Archer |
| 18:50 | Create | Villager (Male) |
| 18:50 | Create | Villager (Male) |
| 18:50 | Create | Villager (Male) |
| 19:19 | Build | Mining Camp |
| 19:27 | Create | Villager (Male) |
| 19:27 | Create | Villager (Male) |
| 19:27 | Create | Villager (Male) |
| 19:31 | Build | Watch Tower |
| 19:40 | Create | Villager (Male) |
| 19:40 | Create | Villager (Male) |
| 19:58 | Create | Villager (Male) |
| 20:01 | Build | Lumber Camp |
Match timeline
| 2:37 | 老天鵝 · wall_segment Palisade Wall x6 |
| 3:49 | 老天鵝 · wall_segment Palisade Wall x5 |
| 4:42 | 老天鵝 · wall_segment Palisade Wall x18 |
| 5:19 | Valas · first_building Barracks |
| 7:39 | 老天鵝 · wall_segment Palisade Wall x1 |
| 7:41 | 老天鵝 · wall_segment Palisade Wall x2 |
| 7:50 | 老天鵝 · wall_segment Palisade Wall x10 |
| 7:58 | 老天鵝 · wall_segment Palisade Wall x1 |
| 8:19 | Valas · wall_segment Palisade Wall x1 |
| 8:27 | 老天鵝 · first_building Barracks |
| 9:16 | Valas · age_up feudal |
| 9:18 | 老天鵝 · age_up feudal |
| 9:26 | 老天鵝 · first_building Archery Range |
| 9:32 | Valas · first_building Archery Range |
| 9:33 | 老天鵝 · wall_segment Palisade Wall x1 |
| 9:34 | 老天鵝 · wall_segment Palisade Wall x1 |
| 9:37 | 老天鵝 · wall_segment Palisade Wall x1 |
| 9:38 | 老天鵝 · wall_segment Palisade Wall x1 |
| 9:40 | 老天鵝 · wall_segment Palisade Wall x1 |
| 9:45 | 老天鵝 · wall_segment Palisade Wall x1 |
| 10:09 | 老天鵝 · wall_segment Palisade Wall x1 |
| 10:14 | 老天鵝 · wall_segment Palisade Wall x4 |
| 10:18 | 老天鵝 · wall_segment Palisade Wall x3 |
| 11:18 | 老天鵝 · wall_segment Palisade Wall x1 |
| 13:25 | 老天鵝 · wall_segment Palisade Wall x1 |
| 13:35 | 老天鵝 · wall_segment Palisade Wall x1 |
| 17:53 | Valas · wall_segment Palisade Wall x1 |
| 17:53 | Valas · wall_segment Palisade Wall x1 |
| 17:54 | Valas · wall_segment Palisade Wall x8 |
| 18:22 | Valas · wall_segment Palisade Wall x1 |
| 18:30 | Valas · wall_segment Palisade Wall x1 |
| 18:30 | Valas · wall_segment Palisade Wall x1 |
| 21:49 | Valas · wall_segment Palisade Wall x1 |
| 22:17 | Valas · wall_segment Palisade Wall x1 |
| 22:17 | Valas · wall_segment Palisade Wall x1 |
| 22:18 | Valas · wall_segment Palisade Wall x2 |
| 22:18 | Valas · wall_segment Palisade Wall x1 |
| 22:18 | Valas · wall_segment Palisade Wall x1 |
| 22:18 | Valas · wall_segment Palisade Wall x1 |
| 22:19 | Valas · wall_segment Palisade Wall x1 |
| 23:09 | 老天鵝 · wall_segment Palisade Wall x1 |
| 23:21 | 老天鵝 · first_market_sell 100 wood |
| 24:42 | Valas · age_up castle |
| 25:05 | Valas · first_market_sell 100 wood |
| 26:01 | 老天鵝 · age_up castle |
| 26:03 | 老天鵝 · first_building Castle |
| 27:35 | 老天鵝 · resign |
[ AI ANALYSIS · 1 CREDIT ]
What really happened in this match?
Wolo.gg analyzes every decision: build order, eco, micro, common mistakes by bracket. Personalized analysis on WhatsApp or Discord in 30 seconds.
Civ guide
Teutons
Perfil
Jugador #628503